 Dungeon Crawl Stone Soup version 0.26-a0-651-gb41185065b (webtiles) character file.

Game seed: 18232620987473591384

42 Flugslaktarn the Shield-Bearer (level 3, 24/34 HPs)
             Began as a Deep Dwarf Fighter on Oct 7, 2020.
             Quit the game on level 2 of the Dungeon.
             The game lasted 00:00:31 (531 turns).

Flugslaktarn the Shield-Bearer (Deep Dwarf Fighter)  Turns: 531, Time: 00:00:32

Health: 24/34      AC:  6    Str: 20    XL:     3   Next: 33%
Magic:  2/2        EV:  7    Int:  8    God:
Gold:   33         SH:  9    Dex: 12    Spells: 2/2 levels left

rFire    . . .     SeeInvis .   a - +0 war axe
rCold    . . .     Faith    .   c - +0 kite shield
rNeg     . . .     Spirit   .   b - +0 scale mail
rPois    .         Reflect  .   (no helmet)
rElec    .         Harm     .   (no cloak)
rCorr    .         Rampage  .   (no gloves)
MR       .....                  (no boots)
Stlth    ..........             (no amulet)
HPRegen  0.00/turn              (no ring)
MPRegen  0.08/turn              (no ring)

@: non-regenerating
A: damage resistance, heal wounds, sense surroundings 1, no regeneration
a: Heal Wounds


You were on level 2 of the Dungeon.
You visited 1 branch of the dungeon, and saw 3 of its levels.

You collected 33 gold pieces.

Inventory:

Hand Weapons
 a - a +0 war axe (weapon)
Armour
 b - a +0 scale mail (worn)
 c - a +0 kite shield (worn)
Scrolls
 e - 2 scrolls of amnesia {unknown}
Potions
 d - a potion of might
 f - a potion of heal wounds {unknown}
 g - 2 potions of lignification {unknown}


   Skills:
 * Level 3.2 Fighting
 * Level 3.0 Axes
 + Level 3.5 Armour
 + Level 3.5 Shields


You had 2 spell levels left.
You didn't know any spells.
Your spell library was empty.

Dungeon Overview and Level Annotations

Branches:
Dungeon (3/15)

Altars:

Annotations:
D:3 Ijyb


Innate Abilities, Weirdness & Mutations

You are resistant to damage.
You can heal yourself by infusing magical energy.
You passively map a small area around you.
You do not regenerate.


Message History

The kobold throws a stone.
The stone hits you but does no damage.
You see here a stone.
The kobold throws a stone.
The stone closely misses you.
Found a silvery potion.
The kobold throws a stone.
The stone hits you but does no damage.
You see here a stone.
You block the kobold's attack.
You closely miss the kobold. You block the kobold's attack.
The kobold barely misses you.
You slash the kobold!
You kill the kobold!
No target in view!
No target in view!
No target in view!
No target in view!
No target in view!
No target in view!
No target in view!
Unknown command.
Are you sure you want to abandon this character and quit the game? (Confirm with "yes".)

########..#.# #.
#..#.# ## #..#.#
# #..#.# #..#.# *
* #..#.# *
**#######..#.# *
, .........#.# *
* **#######.##@#
* *
##.#.##.######!
,,
##.#.†##($......,
##.###.##..#####.
* ** ##.##
##.#(.# ,,* #.##
##((.# , * ##.##
##.#..###* ,
##†###......... ,
, , *
##.#...##<#### ,


There were no monsters in sight!

Vanquished Creatures
  2 adders (D:2)
  2 dart slugs (D:2)
  2 bats
  4 giant cockroaches
  2 hobgoblins
  2 jackals (D:2)
  A quokka (D:2)
  A kobold (D:2)
  2 rats
18 creatures vanquished.

Notes
Turn   | Place    | Note
-------+----------+-------------------------------------------
     0 | D:1      | Flugslaktarn the Deep Dwarf Fighter began the quest for the
                  | Orb.
     0 | D:1      | Reached XP level 1. HP: 20/20 MP: 1/1
   227 | D:2      | Reached XP level 2. HP: 20/27 MP: 2/2
   239 | D:3      | Noticed Ijyb
   254 | D:3      | Noticed a wight
   257 | D:3      | HP: 1/27 [wight/cursed +4 hand axe (3)]
   438 | D:2      | Reached XP level 3. HP: 25/34 MP: 2/2
   531 | D:2      | Quit the game

Illustrated notes

Levels and vault maps discovered:
D:1:      lemuel_arrival_broad_hall, layout_basic
D:2:      layout_loops_ring
D:3:      layout_loops_ring, chequers_temple_overflow_minitemple,
          kennysheep_flooded_box, minmay_cut_off, uniq_ijyb

Skill      XL: |  1  2 |
---------------+-------+-----
Fighting       | 3 |  3.2
Axes           | 3 |  3.0
Armour         | |  3.5
Shields        | |  3.5

Action                   || total
-------------------------++-------
Melee: War axe           ||    56
 Abil: Heal Wounds       ||     2
Armor: Scale mail        ||    26
Dodge: Dodged            ||    24
Block: Kite shield       ||    27

Table legend: (Time is in decaauts)
 A = Elapsed time spent in this place.
 B = Non-inter-level travel time spent in this place.
 C = Inter-level travel time spent in this place.
 D = Time resting spent in this place.
 E = Time spent auto-exploring this place.
 F = Levels seen in this place.
 G = Mean time per level.
                   A        B        C        D        E       F      G
               +--------+--------+--------+--------+--------+-----+--------+
         Total |    559 |    486 |     73 |      0 |    338 |   3 |  186.3 |
       Dungeon |    559 |    486 |     73 |      0 |    338 |   3 |  186.3 |
               +--------+--------+--------+--------+--------+-----+--------+

Top non-repeatable levels by time:
     D:2: 400 daAuts
     D:1: 144 daAuts
     D:3: 14 daAuts
